[Event "Titled Tuesday Blitz February 07 Early 2023"]
[White "EREBUNI91"]
[Black "Sowul, Bartosz"]
[BlackFideId "1137590"]
[WhiteElo "2666"]
[BlackElo "2269"]
[Result "1-0"]
[Round "05"]
[TimeControl "180+2"]
[Date "2023.02.07"]
[WhiteClock "0:00:42"]
[BlackClock "0:00:25"]

1. e3 c5 2. b3 Nf6 3. Bb2 g6 4. Nf3 Bg7 5. Be2 O-O 6. O-O d5 7. d4 cxd4 8. Nxd4 Nc6 9. Nd2 Nxd4 10. Bxd4 Qc7 11. c4 e5 12. Bb2 Re8 13. cxd5 Nxd5 14. Nc4 Be6 15. Rc1 Qb8 16. Ba3 Rd8 17. Bd6 Nc7 18. Qc2 b5 19. Na5 Rxd6 20. Qxc7 Qxc7 21. Rxc7 Rd2 22. Bxb5 Rxa2 23. b4 Rb8 24. Bc4 Rc2 25. Rc6 Rxb4 26. Bxe6 Rxc6 27. Nxc6 Rb6 28. Bd5 a5 29. e4 a4 30. Ra1 a3 31. g3 1-0


[Site "https://www.chess.com"]

[Event "Titled Tuesday Blitz February 07 Early 2023"]
[White "Antonio, Jorge Carlos"]
[Black "Kononenko, Dmitry"]
[WhiteFideId "113190"]
[BlackFideId "14113538"]
[WhiteElo "2277"]
[BlackElo "2256"]
[Result "0-1"]
[Round "05"]
[TimeControl "180+2"]
[Date "2023.02.07"]
[WhiteClock "0:01:35"]
[BlackClock "0:01:41"]

1. d4 Nf6 2. Nf3 g6 3. c4 c5 4. Nc3 Bg7 5. d5 O-O 6. e4 d6 7. Bd3 Bg4 8. h3 Bxf3 9. Qxf3 a6 10. Qe2 e6 11. O-O exd5 12. exd5 Re8 13. Qf3 Nbd7 14. Bf4 Ne5 15. Qd1 Nh5 16. Bh2 Qh4 17. f4 Nxd3 18. Qxd3 Bd4+ 19. Kh1 Re3 20. Qd2 Rae8 21. Rad1 Bxc3 22. bxc3 Re2 23. Qc1 Ng3+ 24. Bxg3 Qxg3 25. Rg1 R8e3 26. Rdf1 Qxh3+ 27. gxh3 Rxh3# 0-1


[Site "https://www.chess.com"]

[Event "Titled Tuesday Blitz February 07 Early 2023"]
[White "Koellner, Ruben Gideon"]
[Black "Jakubowska, Anna"]
[WhiteFideId "12993093"]
[BlackFideId "1121952"]
[WhiteElo "2426"]
[BlackElo "2139"]
[Result "1/2-1/2"]
[Round "05"]
[TimeControl "180+2"]
[Date "2023.02.07"]
[WhiteClock "0:00:04"]
[BlackClock "0:00:04"]

1. d4 f5 2. Bg5 g6 3. e3 Bg7 4. h4 d6 5. Nc3 Nc6 6. Bc4 h6 7. Bf4 e5 8. dxe5 dxe5 9. Qxd8+ Nxd8 10. Bg3 Be6 11. Bxe6 Nxe6 12. Nf3 e4 13. Ne5 Ne7 14. O-O-O g5 15. hxg5 hxg5 16. Rxh8+ Bxh8 17. Rh1 Bf6 18. Rh6 Ng8 19. Rg6 O-O-O 20. Nf7 Rf8 21. Nd5 Rxf7 22. Rxg8+ Kd7 23. Ra8 a6 24. Rb8 Kc6 25. Nb4+ Kb6 26. Nd5+ Kc6 27. Nxf6 Rxf6 28. Be5 Rf8 29. Rxf8 Nxf8 30. Kd2 Ne6 31. b3 Kd5 32. Bb2 b5 33. Bf6 f4 34. Ke2 g4 35. Bc3 f3+ 36. gxf3 gxf3+ 37. Kd2 c5 38. Bf6 Nc7 39. Bh4 Ne8 40. Bg5 Nd6 41. Bf4 Nf5 42. Kc3 Ne7 43. Kd2 Ng6 44. Bg3 Ne7 45. Kc3 Ng6 46. Kd2 Ne7 47. Kc3 Ng6 48. Kd2 1/2-1/2


[Site "https://www.chess.com"]

[Event "Titled Tuesday Blitz February 07 Early 2023"]
[White "SicilianPanzer"]
[Black "Shuvalova, Polina"]
[BlackFideId "24171760"]
[WhiteElo "2245"]
[BlackElo "2484"]
[Result "0-1"]
[Round "05"]
[TimeControl "180+2"]
[Date "2023.02.07"]
[WhiteClock "0:00:02"]
[BlackClock "0:00:19"]

1. c4 e6 2. Nc3 d5 3. d4 Nf6 4. Nf3 c5 5. e3 a6 6. cxd5 Nxd5 7. Nxd5 Qxd5 8. Qc2 Nc6 9. Bc4 Qh5 10. O-O Be7 11. dxc5 Qxc5 12. a3 b5 13. Bd3 Qxc2 14. Bxc2 Bb7 15. Rd1 Rc8 16. Be4 Bf6 17. Nd4 Na5 18. Bxb7 Nxb7 19. a4 b4 20. Bd2 Bxd4 21. exd4 a5 22. Rac1 Ke7 23. Be3 Nd6 24. Rc5 Rxc5 25. dxc5 Nc4 26. Bc1 b3 27. Rd3 Rd8 28. Rxd8 Kxd8 29. Kf1 Kd7 30. Ke2 Kc6 31. Kd3 Kxc5 32. Kc3 Ne5 33. Be3+ Kc6 34. h3 Kd5 35. Kxb3 Nc4 36. Kc3 f5 0-1


[Site "https://www.chess.com"]

[Event "Titled Tuesday Blitz February 07 Early 2023"]
[White "Tobares, Leandro"]
[Black "Iskusnyh, Sergei"]
[WhiteFideId "106402"]
[BlackFideId "4120027"]
[WhiteElo "2189"]
[BlackElo "2440"]
[Result "0-1"]
[Round "05"]
[TimeControl "180+2"]
[Date "2023.02.07"]
[WhiteClock "0:01:18"]
[BlackClock "0:01:33"]

1. c4 e5 2. Nc3 Bb4 3. Nd5 Be7 4. d4 exd4 5. Qxd4 Nf6 6. Nxe7 Qxe7 7. Bg5 Nc6 8. Bxf6 Nxd4 9. Bxe7 Kxe7 10. O-O-O Ne6 11. e3 a5 12. Nf3 Nc5 13. Bd3 d6 14. Bc2 Be6 15. b3 Bg4 16. h3 Bxf3 17. gxf3 g6 18. h4 h5 19. f4 Rhb8 20. f5 gxf5 21. Bxf5 b5 22. cxb5 Rxb5 23. Bc2 a4 24. Kb2 axb3 25. axb3 Na4+ 26. Kc1 Nc3 27. Rde1 Rc5 28. Kd2 Ra2 29. Ra1 Ne4+ 30. Kd3 Nxf2+ 0-1


[Site "https://www.chess.com"]

[Event "Titled Tuesday Blitz February 07 Early 2023"]
[White "Shimanov, Aleksandr"]
[Black "Kochetov, Andrey"]
[WhiteFideId "4198603"]
[BlackFideId "24130532"]
[WhiteElo "2581"]
[BlackElo "2165"]
[Result "1-0"]
[Round "05"]
[TimeControl "180+2"]
[Date "2023.02.07"]
[WhiteClock "0:00:34"]
[BlackClock "0:00:03"]

1. c4 Nf6 2. g3 e6 3. Bg2 d5 4. Nf3 Be7 5. O-O dxc4 6. Qa4+ Nbd7 7. Qxc4 a6 8. Qc2 O-O 9. d4 b5 10. Ne5 Nd5 11. Nc6 Qe8 12. Nc3 N7f6 13. Nxd5 exd5 14. Bg5 Be6 15. Rac1 h6 16. Nxe7+ Qxe7 17. Bxf6 Qxf6 18. e3 Rac8 19. Qc6 Rfd8 20. Qxa6 Ra8 21. Qxb5 Rxa2 22. Rxc7 h5 23. h4 g5 24. hxg5 Qxg5 25. Rb7 Kg7 26. Rb8 Ra8 27. Rxd8 Rxd8 28. Qe2 Rh8 29. Qf3 Rb8 30. Qe2 h4 31. gxh4 Qxh4 32. Rd1 Bg4 33. f3 Bf5 34. Rd2 Rh8 35. Qf2 Qh2+ 36. Kf1 Kf6 37. e4 Bg6 38. Qe3 Ra8 39. Rd1 1-0


[Site "https://www.chess.com"]

[Event "Titled Tuesday Blitz February 07 Early 2023"]
[White "Toncheva, Nadya"]
[Black "Kozak, Adam"]
[WhiteFideId "2924056"]
[BlackFideId "753246"]
[WhiteElo "2295"]
[BlackElo "2572"]
[Result "0-1"]
[Round "05"]
[TimeControl "180+2"]
[Date "2023.02.07"]
[WhiteClock "0:00:06"]
[BlackClock "0:01:37"]

1. d4 g6 2. c4 Nf6 3. Nc3 d5 4. cxd5 Nxd5 5. e4 Nxc3 6. bxc3 Bg7 7. Be3 c5 8. Qd2 O-O 9. Rc1 Qc7 10. Nf3 Rd8 11. d5 Bg4 12. Be2 c4 13. O-O Bxf3 14. Bxf3 Nd7 15. g3 Nc5 16. Bd4 Nd3 17. Bxg7 Kxg7 18. Rb1 e6 19. Qe3 b6 20. Rfd1 Qc5 21. Qxc5 Nxc5 22. Rb4 Nd3 23. Rbb1 exd5 24. exd5 Rac8 25. Be4 Nc5 26. Bg2 Na4 27. Rbc1 Rd6 28. Rd4 b5 29. Rd2 Re8 30. Kf1 Kf8 31. Re2 Red8 32. Re3 Nc5 33. Rb1 Rb8 34. Ke2 Ra6 35. Rb2 Ra3 36. Rc2 Rd8 37. Rb2 Na4 38. Rc2 Nb6 39. Rb2 Nxd5 40. Rd2 Nxe3 41. Rxd8+ Ke7 42. Rb8 Nxg2 43. Kf1 a6 44. Kxg2 Rxc3 45. Rb7+ Kf8 46. a4 Rb3 47. a5 c3 48. Rb6 c2 49. Rc6 Rb2 50. Kf3 b4 51. Ke3 b3 52. Kd2 Rb1 0-1


[Site "https://www.chess.com"]

[Event "Titled Tuesday Blitz February 07 Early 2023"]
[White "Mortazavi, Ali"]
[Black "Harsh Suresh"]
[WhiteFideId "401323"]
[BlackFideId "45018464"]
[WhiteElo "2333"]
[BlackElo "2298"]
[Result "0-1"]
[Round "05"]
[TimeControl "180+2"]
[Date "2023.02.07"]
[WhiteClock "0:00:07"]
[BlackClock "0:00:09"]

1. e4 c5 2. Nc3 d6 3. f4 g6 4. Nf3 Bg7 5. Bb5+ Bd7 6. a4 Nc6 7. O-O Nd4 8. Bc4 Nh6 9. Nxd4 cxd4 10. Ne2 Rc8 11. d3 Bc6 12. Qe1 Bxe4 13. f5 Bxf5 14. Qh4 Ng8 15. g4 Be6 16. Bb5+ Bd7 17. Bc4 d5 18. Bxd5 Nf6 19. Bb3 O-O 20. g5 Nh5 21. Nxd4 e5 22. Nb5 Bc6 23. Qf2 Qd7 24. Qe2 Nf4 25. Bxf4 exf4 26. Nxa7 Rce8 27. Qf2 Qg4+ 0-1


[Site "https://www.chess.com"]

[Event "Titled Tuesday Blitz February 07 Early 2023"]
[White "Harsha Bharathakoti"]
[Black "Fiorito, Francisco"]
[WhiteFideId "5078776"]
[BlackFideId "180165"]
[WhiteElo "2602"]
[BlackElo "2305"]
[Result "1-0"]
[Round "05"]
[TimeControl "180+2"]
[Date "2023.02.07"]
[WhiteClock "0:01:40"]
[BlackClock "0:00:13"]

1. e4 c5 2. Nc3 Nc6 3. Bb5 Nd4 4. Nf3 g6 5. Bc4 e6 6. Nxd4 cxd4 7. Ne2 Bg7 8. c3 dxc3 9. dxc3 Ne7 10. O-O O-O 11. Qd6 Nc6 12. Bf4 Re8 13. Bb3 Bf8 14. Qd2 d5 15. exd5 exd5 16. Rad1 Be6 17. Rfe1 Qb6 18. Be3 Qb5 19. Nf4 Rad8 20. Nxd5 Bg7 21. c4 Qa5 22. Qxa5 Nxa5 23. Bxa7 Nxb3 24. axb3 Bxb2 25. Nc7 Rxd1 26. Rxd1 Bg4 27. f3 Bf5 28. Nxe8 Bc2 29. Rd2 1-0


[Site "https://www.chess.com"]

[Event "Titled Tuesday Blitz February 07 Early 2023"]
[White "Vakhlamov, Igor L."]
[Black "Shohat, Yotam"]
[WhiteFideId "24126748"]
[BlackFideId "2813955"]
[WhiteElo "2413"]
[BlackElo "2346"]
[Result "1-0"]
[Round "05"]
[TimeControl "180+2"]
[Date "2023.02.07"]
[WhiteClock "0:00:52"]
[BlackClock "0:00:02"]

1. e4 c5 2. Nf3 d6 3. Nc3 a6 4. g3 b5 5. Bg2 Bb7 6. d3 g6 7. O-O Bg7 8. Re1 Nd7 9. a4 b4 10. Nd5 Ngf6 11. Nxf6+ Bxf6 12. d4 cxd4 13. Nxd4 Qc7 14. Bh6 Ne5 15. Rc1 Nc4 16. b3 Ne5 17. h3 Qc3 18. Re3 Qxd4 19. Qxd4 Nf3+ 20. Bxf3 Bxd4 21. Re2 Rc8 22. Rd1 e5 23. Rdd2 f5 24. Be3 fxe4 25. Bg4 Bxe3 26. Bxc8 Bxd2 27. Bxb7 e3 28. fxe3 Bc3 29. Bxa6 Ke7 30. Bc4 Rf8 31. Bd5 h5 32. a5 Rc8 33. a6 Rc7 34. Bb7 1-0


[Site "https://www.chess.com"]

[Event "Titled Tuesday Blitz February 07 Early 2023"]
[White "De Vreugt, Dennis"]
[Black "Kosakowski, Jakub"]
[WhiteFideId "1003909"]
[BlackFideId "1185080"]
[WhiteElo "2392"]
[BlackElo "2485"]
[Result "0-1"]
[Round "05"]
[TimeControl "180+2"]
[Date "2023.02.07"]
[WhiteClock "0:00:08"]
[BlackClock "0:01:19"]

1. e4 c5 2. Nf3 d6 3. d4 cxd4 4. Nxd4 Nf6 5. Nc3 a6 6. h3 e5 7. Nf3 Be7 8. Nh2 b5 9. Ng4 Nbd7 10. a3 Bb7 11. Bd3 Rc8 12. Bd2 O-O 13. O-O d5 14. exd5 Nxd5 15. Nxd5 Bxd5 16. Re1 f6 17. a4 Qb6 18. Be3 Qb7 19. axb5 axb5 20. Ra7 Qc6 21. Qe2 Bc4 22. Rea1 Rfd8 23. Bxc4+ Qxc4 24. Qxc4+ Rxc4 25. c3 h5 26. Rd1 Nf8 27. Rxd8 Bxd8 28. Ra8 Be7 0-1


[Site "https://www.chess.com"]

[Event "Titled Tuesday Blitz February 07 Early 2023"]
[White "Maximov, Dmitry"]
[Black "Buksa, Nataliya"]
[WhiteFideId "14105659"]
[BlackFideId "14123622"]
[WhiteElo "2497"]
[BlackElo "2406"]
[Result "1-0"]
[Round "05"]
[TimeControl "180+2"]
[Date "2023.02.07"]
[WhiteClock "0:00:09"]
[BlackClock "0:00:04"]

1. e4 c5 2. Nf3 Nc6 3. Bb5 g6 4. Bxc6 dxc6 5. O-O Bg7 6. Re1 e5 7. a4 Qe7 8. h3 Nf6 9. Na3 Nd7 10. Nc4 O-O 11. d3 Re8 12. Bg5 f6 13. Bd2 Nf8 14. Rb1 Be6 15. Ne3 Bf7 16. b4 Ne6 17. b5 cxb5 18. Nd5 Qd7 19. axb5 Nd4 20. c4 Bxd5 21. exd5 f5 22. Nxd4 cxd4 23. Qf3 b6 24. Re2 a5 25. bxa6 Rxa6 26. Bb4 h5 27. d6 Kh7 28. Qd5 Ra4 29. c5 bxc5 30. Bxc5 Ra5 31. Reb2 Rc8 32. Rb7 Raxc5 33. Rxd7 Rxd5 34. Rbb7 Rg8 35. Rb6 Kh6 36. Rc7 Rd8 37. Rbb7 Bf6 38. Rh7+ Kg5 39. d7 h4 40. f3 Kf4 41. Kf2 Rc5 42. Rb6 Bg5 43. Rxg6 Rc2+ 44. Kg1 Ra8 45. Kh2 Raa2 46. Rxg5 Kxg5 47. d8=Q+ Kf4 48. Qxh4+ Ke3 49. Qg5+ f4 50. Qxe5+ Kxd3 51. Rg7 Re2 52. Qb5+ Ke3 53. Qb3+ Kf2 54. Qd3 Re3 55. Qxd4 Kf1 56. Qd1+ Kf2 57. Rd7 Re1 58. Rd2+ Rxd2 59. Qxd2+ Kf1 60. Qxf4 Re2 61. Qc4 Kf2 62. Qd4+ Kf1 63. Qg4 Rf2 64. f4 1-0


[Site "https://www.chess.com"]

[Event "Titled Tuesday Blitz February 07 Early 2023"]
[White "Fernandez Guillen, Ernesto J."]
[Black "Vagman, Roy"]
[WhiteFideId "3512428"]
[BlackFideId "2828995"]
[WhiteElo "2477"]
[BlackElo "2273"]
[Result "1-0"]
[Round "05"]
[TimeControl "180+2"]
[Date "2023.02.07"]
[WhiteClock "0:00:10"]
[BlackClock "0:00:01"]

1. e4 c5 2. Nf3 Nc6 3. d4 cxd4 4. Nxd4 Nf6 5. Nc3 d6 6. Bc4 Qb6 7. Ndb5 a6 8. Be3 Qa5 9. Nd4 Bd7 10. Nb3 Qb4 11. Bd3 d5 12. Bc5 dxe4 13. Bxb4 exd3 14. Ba3 dxc2 15. Qxc2 O-O-O 16. O-O-O g6 17. f4 Bh6 18. g3 e5 19. Na4 Bf5 20. Qc4 Be6 21. Qc5 exf4 22. Kb1 f3 23. Ka1 Ne4 24. Qb6 Bxb3 25. Qxb3 f2 26. Nc5 Nxc5 27. Bxc5 Rxd1+ 28. Rxd1 Re8 29. Bxf2 f6 30. Qf7 Re7 31. Qxf6 Bg7 32. Qf3 Kc7 33. Qb3 Kc8 34. Bb6 Re8 35. Qf7 1-0


[Site "https://www.chess.com"]

[Event "Titled Tuesday Blitz February 07 Early 2023"]
[White "Aarav Dengla"]
[Black "Morefield, Jason"]
[WhiteFideId "45059756"]
[BlackFideId "30920825"]
[WhiteElo "2343"]
[BlackElo "2167"]
[Result "0-1"]
[Round "05"]
[TimeControl "180+2"]
[Date "2023.02.07"]
[WhiteClock "0:00:34"]
[BlackClock "0:00:46"]

1. e4 c5 2. Nf3 d6 3. d4 cxd4 4. Qxd4 a6 5. Nc3 Nc6 6. Qd1 g6 7. Bc4 Bg7 8. Be3 Nf6 9. h3 O-O 10. Qd2 b5 11. Bd3 b4 12. Ne2 a5 13. Bh6 Bb7 14. h4 Bxh6 15. Qxh6 Ng4 16. Qf4 h5 17. Nh2 Nxh2 18. Rxh2 Ne5 19. f3 Kg7 20. Rh3 Qb6 21. Rg3 a4 22. Qf5 b3 23. Nf4 Qg1+ 24. Bf1 bxc2 25. Nxh5+ Kh7 26. Qg5 Ba6 27. Kd2 Qf2+ 28. Kc3 Rfc8+ 29. Kb4 Qc5+ 0-1


[Site "https://www.chess.com"]

[Event "Titled Tuesday Blitz February 07 Early 2023"]
[White "Tymrakiewicz, Rafal"]
[Black "Aradhya, Garg"]
[WhiteFideId "1108832"]
[BlackFideId "25006746"]
[WhiteElo "2144"]
[BlackElo "2284"]
[Result "0-1"]
[Round "05"]
[TimeControl "180+2"]
[Date "2023.02.07"]
[WhiteClock "0:00:02"]
[BlackClock "0:01:18"]

1. d4 d5 2. Bg5 h6 3. Bf4 c5 4. e3 Nc6 5. c3 Nf6 6. Nd2 Bf5 7. Qb3 Qd7 8. Ngf3 c4 9. Qd1 e6 10. Ne5 Nxe5 11. dxe5 Ne4 12. Nf3 Nc5 13. Nd4 Nd3+ 14. Bxd3 Bxd3 15. f3 Bc5 16. Kf2 O-O 17. Re1 f6 18. Kg1 Rae8 19. b4 Bb6 20. Bg3 a6 21. a4 Bc7 22. f4 fxe5 23. fxe5 Qe7 24. Qg4 Rf7 25. Ra2 Bf5 26. Qd1 Ref8 27. Rf2 Bd3 28. Rxf7 Rxf7 29. Qg4 Bf5 30. Qd1 b6 31. Nxf5 Rxf5 32. e4 dxe4 33. Rxe4 b5 34. axb5 axb5 35. Qe2 Bb6+ 36. Kh1 Qf7 37. h3 Rf1+ 38. Kh2 Qf5 39. Rd4 Bxd4 40. cxd4 c3 41. d5 c2 0-1


[Site "https://www.chess.com"]

[Event "Titled Tuesday Blitz February 07 Early 2023"]
[White "Khamdamova, Afruza"]
[Black "Tan, Zhongyi"]
[WhiteFideId "14210444"]
[BlackFideId "8603642"]
[WhiteElo "2162"]
[BlackElo "2517"]
[Result "0-1"]
[Round "05"]
[TimeControl "180+2"]
[Date "2023.02.07"]
[WhiteClock "0:00:01"]
[BlackClock "0:00:46"]

1. e4 c5 2. Nf3 d6 3. d4 cxd4 4. Nxd4 Nf6 5. Nc3 a6 6. Bg5 e6 7. f4 Nbd7 8. Qf3 Qc7 9. O-O-O b5 10. g4 b4 11. Nce2 Bb7 12. Ng3 d5 13. e5 Ne4 14. Nxe4 dxe4 15. Qe3 Bc5 16. Bg2 Nb6 17. Bxe4 Nc4 18. Qe2 Bxe4 19. Qxe4 O-O 20. Kb1 Rac8 21. Bh4 Qb6 22. Nb3 Ne3 23. Rc1 Nd5 24. f5 a5 25. Ka1 a4 26. Nxc5 Qxc5 27. f6 a3 28. Be1 axb2+ 29. Kxb2 Ra8 30. fxg7 Rfc8 31. Ra1 Nc3 32. Qg2 Qc4 0-1


[Site "https://www.chess.com"]

[Event "Titled Tuesday Blitz February 07 Early 2023"]
[White "Ramirez Allo, Eduardo"]
[Black "Costachi, Mihnea"]
[WhiteFideId "2224178"]
[BlackFideId "1217518"]
[WhiteElo "2274"]
[BlackElo "2476"]
[Result "0-1"]
[Round "05"]
[TimeControl "180+2"]
[Date "2023.02.07"]
[WhiteClock "0:00:03"]
[BlackClock "0:00:29"]

1. d4 d5 2. c4 dxc4 3. Nf3 Nf6 4. e3 Bg4 5. Bxc4 e6 6. O-O Nc6 7. Be2 Bd6 8. Nbd2 O-O 9. h3 Bh5 10. Nc4 Qe7 11. b3 Rfd8 12. Bb2 Bg6 13. Rc1 Ne4 14. Bd3 a5 15. a4 Nb4 16. Bb1 c5 17. Nxd6 Rxd6 18. Qe2 cxd4 19. Nxd4 e5 20. Bxe4 Bxe4 21. Nb5 Rg6 22. f3 Bd3 23. Qd2 Bxf1 24. Kxf1 Rd8 25. Qc3 Qg5 26. g4 Nd3 27. Rc2 Qxe3 28. Qc7 Qxf3+ 29. Kg1 Qg3+ 30. Rg2 Qe3+ 31. Kh2 Qf4+ 32. Kg1 Rf8 33. Ba3 Rc6 34. Qe7 Rfc8 35. Re2 Qg3+ 36. Rg2 Rc1+ 37. Bxc1 Rxc1# 0-1


[Site "https://www.chess.com"]

[Event "Titled Tuesday Blitz February 07 Early 2023"]
[White "Weetik, Vjacheslav"]
[Black "Mamedov, Edgar"]
[WhiteFideId "4153472"]
[BlackFideId "13739980"]
[WhiteElo "2423"]
[BlackElo "2193"]
[Result "1-0"]
[Round "05"]
[TimeControl "180+2"]
[Date "2023.02.07"]
[WhiteClock "0:00:05"]
[BlackClock "0:00:02"]

1. d4 d5 2. c4 c6 3. Nf3 Nf6 4. Nc3 e6 5. e3 Nbd7 6. Bd3 dxc4 7. Bxc4 b5 8. Be2 a6 9. e4 b4 10. e5 bxc3 11. exf6 cxb2 12. fxg7 Bxg7 13. Bxb2 O-O 14. Qc2 Rb8 15. O-O c5 16. Rab1 cxd4 17. Nxd4 Bb7 18. Rfd1 Qg5 19. Nf3 Bxf3 20. Bxf3 Ne5 21. Be2 a5 22. Ba3 Rxb1 23. Rxb1 Rd8 24. g3 Qf6 25. Kg2 Ng6 26. Rb7 Qg5 27. Qe4 h5 28. h4 Qd5 29. Bf3 Qxe4 30. Bxe4 Rd2 31. Rb8+ Kh7 32. Rb7 Kg8 33. Bc5 Rxa2 34. Bf3 Rc2 35. Be3 a4 36. Bxh5 a3 37. Ra7 Bb2 38. Bd1 Rc3 39. h5 Ne5 40. Bd4 Rd3 41. Ra8+ Kg7 42. Bxe5+ Bxe5 43. Bc2 Rd2 44. Be4 Bd4 45. Rxa3 Rxf2+ 46. Kh3 f5 47. Bg2 e5 48. Ra6 e4 49. Rg6+ Kh7 50. g4 fxg4+ 51. Rxg4 Be5 52. Bxe4+ Kh8 53. Bg2 Rf4 54. Rg6 Bg7 55. Kg3 Rf6 56. Rg4 Rf5 57. Be4 Rxh5 58. Bg6 Be5+ 59. Kf3 Rh3+ 60. Ke4 Bg7 61. Bf5 Rh2 62. Kd5 Rd2+ 63. Ke6 Kg8 64. Rc4 Re2+ 65. Be4 Bf8 66. Kf5 Kg7 67. Rc7+ Kg8 68. Bd5+ Kh8 69. Kg6 Bg7 70. Rc8+ 1-0


[Site "https://www.chess.com"]

[Event "Titled Tuesday Blitz February 07 Early 2023"]
[White "Garayev, Kanan"]
[Black "Podetti, Davide"]
[WhiteFideId "13406671"]
[BlackFideId "893617"]
[WhiteElo "2346"]
[BlackElo "2281"]
[Result "0-1"]
[Round "05"]
[TimeControl "180+2"]
[Date "2023.02.07"]
[WhiteClock "0:00:35"]
[BlackClock "0:00:21"]

1. e4 e5 2. Nf3 Nc6 3. Bc4 Bc5 4. c3 Nf6 5. d4 exd4 6. cxd4 Bb4+ 7. Nc3 Nxe4 8. O-O Bxc3 9. d5 Bf6 10. Re1 Ne7 11. Rxe4 d6 12. Bg5 Bxg5 13. Nxg5 h6 14. Qh5 O-O 15. Rae1 Nf5 16. Nh3 Bd7 17. Bd3 Qf6 18. Rf4 g6 19. Qg4 Rfe8 20. Rf1 Qe5 21. Be4 Re7 22. Qd1 Nd4 23. Bf3 Ne2+ 24. Bxe2 Qxe2 25. Qc1 Bxh3 26. gxh3 Rae8 27. Rc4 Re5 28. Qxh6 Qxc4 0-1


[Site "https://www.chess.com"]

[Event "Titled Tuesday Blitz February 07 Early 2023"]
[White "Pacan-Milej, Kosma"]
[Black "Marn, Jan"]
[WhiteFideId "21800537"]
[BlackFideId "14619245"]
[WhiteElo "2402"]
[BlackElo "2345"]
[Result "1-0"]
[Round "05"]
[TimeControl "180+2"]
[Date "2023.02.07"]
[WhiteClock "0:00:11"]
[BlackClock "0:00:05"]

1. d4 d5 2. c4 c6 3. Nc3 dxc4 4. a4 e5 5. Nf3 exd4 6. Nxd4 c5 7. Ndb5 a6 8. Qxd8+ Kxd8 9. Na3 Be6 10. Bf4 Nc6 11. e3 Nb4 12. O-O-O+ Nd3+ 13. Bxd3 cxd3 14. Rxd3+ Ke8 15. Rhd1 Be7 16. Ne4 Nf6 17. Nd6+ Bxd6 18. Bxd6 Ne4 19. Bg3 Ke7 20. Nb1 Rhd8 21. Rxd8 Rxd8 22. Rxd8 Kxd8 23. Nd2 Nxg3 24. hxg3 Kc7 25. Kc2 b5 26. axb5 axb5 27. Kc3 Kc6 28. b4 c4 29. Nf3 Bd7 30. Ne5+ Kd6 31. Nxf7+ Kd5 32. Ng5 h6 33. Nf3 g5 34. Nd2 h5 35. e4+ Ke5 36. f3 h4 37. Nf1 Bc6 38. gxh4 gxh4 39. Ne3 Kf4 40. Kd4 Kg3 41. Nf5+ Kxg2 42. Nxh4+ Kg3 43. Ng6 Be8 44. Ne5 Kf4 45. Ng4 Kxf3 46. Nf6 Bc6 47. e5 Ke2 48. Kc3 Ke3 49. e6 Kf4 50. e7 Ke5 51. e8=Q+ Bxe8 52. Nxe8 Ke6 53. Nc7+ Kd6 54. Nxb5+ Kc6 55. Kxc4 1-0


[Site "https://www.chess.com"]

[Event "Titled Tuesday Blitz February 07 Early 2023"]
[White "Iljin, Timofey"]
[Black "Jain Kashish Manoj"]
[WhiteFideId "14110180"]
[BlackFideId "35081098"]
[WhiteElo "2329"]
[BlackElo "2375"]
[Result "1-0"]
[Round "05"]
[TimeControl "180+2"]
[Date "2023.02.07"]
[WhiteClock "0:00:44"]
[BlackClock "0:00:02"]

1. d4 f5 2. c4 g6 3. Nc3 Bg7 4. h4 Nf6 5. h5 Nxh5 6. e4 Nf6 7. Bd3 fxe4 8. Nxe4 d6 9. Nxf6+ Bxf6 10. Rxh7 Rxh7 11. Bxg6+ Rf7 12. Qh5 Be6 13. d5 Qd7 14. Ne2 c6 15. Nf4 cxd5 16. cxd5 Bxd5 17. Nxd5 Qe6+ 18. Be3 Na6 19. Rc1 Bxb2 20. Rc7 Kf8 21. Rc4 Rf6 22. Qh8+ Qg8 23. Bh6# 1-0


[Site "https://www.chess.com"]

[Event "Titled Tuesday Blitz February 07 Early 2023"]
[White "Souleidis, Georgios"]
[Black "Yeritsyan, Hayk"]
[WhiteFideId "4206827"]
[BlackFideId "13307320"]
[WhiteElo "2419"]
[BlackElo "2241"]
[Result "0-1"]
[Round "05"]
[TimeControl "180+2"]
[Date "2023.02.07"]
[WhiteClock "0:00:09"]
[BlackClock "0:00:33"]

1. e4 e6 2. d4 d5 3. exd5 exd5 4. Nf3 c5 5. Bb5+ Nc6 6. O-O Bd6 7. dxc5 Bxc5 8. Nc3 Ne7 9. Bg5 Be6 10. Nd4 Qd7 11. Bxe7 Bxe7 12. Re1 O-O 13. Nce2 Bd6 14. c3 Rae8 15. Qa4 Rc8 16. Rad1 Qc7 17. Ng3 Bg4 18. f3 Nxd4 19. Rxd4 Be6 20. Rdd1 Bxg3 21. hxg3 a6 22. Bf1 Qxg3 23. Qd4 h5 24. Qe5 Qxe5 25. Rxe5 g6 26. Rd4 Kg7 27. Re2 b5 28. a3 Rc4 29. Red2 Rxd4 30. Rxd4 Kf6 31. Kf2 Rb8 32. Ke3 Ke5 33. f4+ Kd6 34. Be2 a5 35. Bf3 Kc5 36. b4+ axb4 37. cxb4+ Kd6 38. Kd2 Ra8 39. Rd3 Rc8 40. Rc3 Ra8 41. Ke3 Rd8 42. Kd4 h4 43. Be2 Rb8 44. Rc5 f6 45. Rxb5 Rc8 46. Rc5 Ra8 47. Rc3 g5 48. f5 Bxf5 49. Rb3 Re8 50. Bf3 Be4 51. b5 Bxf3 52. gxf3 h3 53. Rb2 f5 54. a4 g4 55. fxg4 fxg4 56. b6 g3 57. b7 g2 0-1


[Site "https://www.chess.com"]

[Event "Titled Tuesday Blitz February 07 Early 2023"]
[White "Mirzanurov, Bulat"]
[Black "Borgaonkar Akshay"]
[WhiteFideId "4184521"]
[BlackFideId "25639110"]
[WhiteElo "2232"]
[BlackElo "1991"]
[Result "1/2-1/2"]
[Round "05"]
[TimeControl "180+2"]
[Date "2023.02.07"]
[WhiteClock "0:00:06"]
[BlackClock "0:00:05"]

1. e4 c5 2. Nf3 e6 3. d4 cxd4 4. Nxd4 a6 5. Bd3 Ne7 6. c4 Nbc6 7. Nc2 Qc7 8. Nc3 Ng6 9. b3 h5 10. Bb2 Nf4 11. g3 Nxd3+ 12. Qxd3 h4 13. O-O-O b6 14. Rhe1 Ne5 15. Qe2 hxg3 16. hxg3 Bb7 17. Nd5 exd5 18. exd5 d6 19. f4 f6 20. Nd4 Bxd5 21. fxe5 dxe5 22. Kb1 Bf7 23. Qf3 Rc8 24. Ka1 Be7 25. Nf5 Rg8 26. Re2 Qc6 27. Qf2 Bh5 28. Rde1 Bxe2 29. Rxe2 g6 30. Nxe7 Kxe7 31. Bxe5 fxe5 32. Rxe5+ Kd6 33. Qf4 Rcf8 34. Rd5+ Ke7 35. Qe5+ Qe6 36. Qc7+ Kf6 37. Rd6 Qxd6 38. Qxd6+ Kg5 39. Qxb6 Rf6 40. Qc5+ Kg4 41. Qc7 Rgf8 42. Qd7+ Kxg3 43. Kb2 g5 44. Ka3 g4 45. Qd3+ Rf3 46. Qd6+ Kg2 47. c5 g3 48. c6 Kh1 49. Qd1+ Kh2 50. Qe2+ g2 51. c7 Kh1 52. c8=Q Rxc8 53. Qxf3 Rh8 54. b4 Kh2 55. Qf2 Kh1 56. Qf3 Rh2 57. Ka4 Rh4 58. Ka5 Kh2 59. Qf2 Rh3 60. Kxa6 Kh1 61. b5 g1=Q 62. Qxg1+ Kxg1 63. b6 Rh2 64. b7 Rxa2+ 65. Kb6 Rb2+ 66. Kc6 Rxb7 67. Kxb7 1/2-1/2


[Site "https://www.chess.com"]

[Event "Titled Tuesday Blitz February 07 Early 2023"]
[White "Han, Yichen"]
[Black "Hajiyev, Kanan"]
[WhiteFideId "1054430"]
[BlackFideId "13404148"]
[WhiteElo "2413"]
[BlackElo "2197"]
[Result "1-0"]
[Round "05"]
[TimeControl "180+2"]
[Date "2023.02.07"]
[WhiteClock "0:01:12"]
[BlackClock "0:00:16"]

1. d4 d5 2. c4 c6 3. Nf3 Nf6 4. g3 Bf5 5. Bg2 e6 6. O-O Be7 7. Qb3 Qb6 8. c5 Qxb3 9. axb3 Nbd7 10. b4 a6 11. Nc3 O-O 12. Nh4 Bg4 13. h3 Bh5 14. g4 Bg6 15. Nxg6 hxg6 16. Bf4 Rfe8 17. Ra3 Rac8 18. Bg3 Bd8 19. f4 Bc7 20. e3 g5 21. Ne2 Ne4 22. Bxe4 dxe4 23. fxg5 Bxg3 24. Nxg3 e5 25. Nxe4 Re6 26. Nd6 Rc7 27. Nxf7 exd4 28. exd4 Nf6 29. Nh6+ gxh6 30. gxf6 Kf7 31. Raf3 Rd7 32. Rf4 Re2 33. R1f2 Re3 34. h4 Rd3 35. g5 hxg5 36. hxg5 R3xd4 37. Rxd4 Rxd4 38. g6+ Kf8 39. f7 Rg4+ 40. Rg2 1-0


[Site "https://www.chess.com"]